 Dungeon Crawl Stone Soup version 0.18.1-48-g4cf74bf (webtiles) character file.

37 atgrul the Digger (level 3, -2/24 HPs)
             Began as a Formicid Earth Elementalist on July 31, 2016.
             Slain by an adder (3 damage)
             ... on level 2 of the Dungeon.
             The game lasted 00:06:30 (1344 turns).

atgrul the Digger (Formicid Earth Elementalist)     Turns: 1344, Time: 00:06:30

Health: -2/24      AC:  2    Str: 12    XL:     3   Next: 60%
Magic:  2/6        EV: 12    Int: 19    God:
Gold:   151        SH:  0    Dex: 11    Spells: 1 memorised, 5 levels left

rFire  . . .     SeeInvis +     g - +0 short sword
rCold  . . .     Gourm    .     a - +0 robe
rNeg   . . .     Faith    .     (no shield)
rPois  .         Spirit   .     (helmet unavailable)
rElec  .         Dismiss  .     (no cloak)
rCorr  .         Reflect  .     (no gloves)
SustAt .         Harm     .     (no boots)
MR     .....                    (no amulet)
Stlth  ++........               (no ring)
                                (no ring)

@: lethally poisoned (-2 -> -9), not resistant to hostile enchantments,
unstealthy
A: permanent stasis, dig shafts and tunnels, four strong arms, antennae 3,
clever 2, slow regeneration 1
a: Dig, Shaft Self


You were on level 2 of the Dungeon.
You were not hungry.

You visited 1 branch of the dungeon, and saw 2 of its levels.

You collected 151 gold pieces.

Inventory:

Hand Weapons
 g - a +0 short sword (weapon)
Missiles
 b - 38 stones (quivered)
Armour
 a - a +0 robe (worn)
Scrolls
 f - a scroll of enchant weapon {unknown}
 j - a scroll of recharging {unknown}
 l - a scroll of fear {unknown}
 m - 3 scrolls of identify {unknown}
Potions
 h - a potion of might {unknown}
 i - a potion of lignification {unknown}
 k - a potion of ambrosia {unknown}
 n - a potion of heal wounds {unknown}
 o - 2 potions of invisibility {unknown}
Books
 c - a book of Geomancy

   Spells                             Type                      Level
   a - Sandblast                      Earth                        1
   b - Passwall                       Transmutation/Earth          2
   c - Stone Arrow                    Conjuration/Earth            3
   d - Petrify                        Transmutation/Earth          4
   e - Lee's Rapid Deconstruction     Earth                        5
Comestibles
 d - a bread ration


   Skills:
 + Level 0.2 Short Blades
 - Level 0.4 Throwing
 - Level 1.7 Dodging
 - Level 2.4 Stealth
 - Level 2.1 Spellcasting
   Level 1.1 Transmutations
 + Level 5.1 Earth Magic


You had 5 spell levels left.
You knew the following spells:

 Your Spells              Type           Power        Failure   Level  Hunger
a - Sandblast             Erth           ###...       1%          1    #......


Dungeon Overview and Level Annotations

Branches:
Dungeon (2/15)

Altars:


Innate Abilities, Weirdness & Mutations

You are under a permanent stasis effect.
You can dig through walls and to a lower floor.
Your four strong arms can wield two-handed weapons with a shield.
You have a pair of large antennae on your head (SInv).
Your mind is very acute. (Int +4)
You regenerate slowly when monsters are visible.


Message History

The adder bites you.
* * * LOW HITPOINT WARNING * * *
The adder barely misses you.
You barely miss the adder.
The adder is almost dead.
The adder barely misses you.
You feel sick. The adder bites you.
* * * LOW HITPOINT WARNING * * *
You are lethally poisoned!
The adder poisons you!
* * * LOW HITPOINT WARNING * * *
You feel sick. The adder bites you.
* * * LOW HITPOINT WARNING * * *
It was a potion of mutation.
You feel extremely strange.
You feel clever. x2; Your natural regeneration is weakened.
* * * LOW HITPOINT WARNING * * *
You feel sick. The adder bites you.
You die...

.............##.#########
.........###..#.#
.........# ##.#.#
.........# #...#
.........# ##..#
.........# #..#
.........# ##.##
.........# #..#
.........# #.@##
.........# #.S.#
########## #...# ##..#
#..# ##.## #..# #..# ##.#


You could see an adder.

Vanquished Creatures
  An ooze (D:2)
  2 dart slugs (D:1)
  A giant cockroach (D:1)
  5 goblins
  2 hobgoblins
  2 jackals (D:2)
  A quokka (D:2)
  A ball python (D:2)
  6 bats
  3 kobolds
  4 rats (D:1)
28 creatures vanquished.

Notes
Turn   | Place    | Note
--------------------------------------------------------------
     0 | D:1      | atgrul the Formicid Earth Elementalist began the quest for the Orb.
     0 | D:1      | Reached XP level 1. HP: 13/13 MP: 3/3
   198 | D:1      | Reached skill level 4 in Earth Magic
   198 | D:1      | Reached XP level 2. HP: 19/19 MP: 0/5
   742 | D:1      | Reached XP level 3. HP: 19/24 MP: 1/6
  1132 | D:2      | Reached skill level 5 in Earth Magic
  1344 | D:2      | Gained mutation: Your mind is acute. (Int +2) [potion of mutation]
  1344 | D:2      | Gained mutation: Your mind is very acute. (Int +4) [potion of mutation]
  1344 | D:2      | Gained mutation: You regenerate slowly when monsters are visible. [potion of mutation]
  1344 | D:2      | HP: 1/24 [poisoned by an adder]
  1344 | D:2      | Slain by an adder

Skill      XL: |  1  2  3 |
---------------+----------+-----
Earth Magic    | 4 5 |  5.1
Short Blades   | |  0.2
Throwing       | |  0.4
Dodging        | |  1.7
Stealth        | |  2.4
Spellcasting   | |  2.1
Transmutations | |  1.1

Action                   || total
-------------------------++-------
Melee: Unarmed           ||     7
       Short sword       ||    30
Throw: Stone             ||    25
 Cast: Sandblast         ||    50
  Use: Potion            ||     1
  Eat: Chunk             ||     2
Armor: Robe              ||    20
Dodge: Dodged            ||    49
